 Dungeon Crawl Stone Soup version 0.18.1-6-gd335043 (webtiles) character file.

37650 Helmschank the Grand Gadgeteer (level 14, -1/84 HPs)
             Began as a Kobold Assassin on May 18, 2016.
             Was the Champion of Pakellas.
             Killed from afar by an ice dragon (15 damage)
             ... with a blast of cold
             ... on level 6 of the Lair of Beasts on May 19, 2016.
             The game lasted 02:43:54 (22868 turns).

Helmschank the Grand Gadgeteer (Kobold Assassin)   Turns: 22868, Time: 02:43:55

Health: -1/84      AC: 16    Str: 10    XL:     14   Next: 30%
Magic:  25/25      EV: 24    Int: 14    God:    Pakellas [******]
Gold:   1184       SH:  6    Dex: 25    Spells: 0 memorised, 13 levels left

rFire  . . .     SeeInvis .     e - +4 lightning rod (6/12)
rCold  . . .     Gourm    .     x - +4 ring mail {rPois}
rNeg   + . .     Faith    .     J - +0 buckler
rPois  +         Spirit   .     (no helmet)
rElec  .         Dismiss  .     c - +1 cloak
rCorr  +         Reflect  .     t - +2 pair of gloves "Zopewa" {rN+ Int+4}
SustAt .         Harm     .     X - +0 pair of boots of Fedhas's Regard {-Cast rPois MR+ rCorr}
MR     ++...     NoCast   +     G - amulet of regeneration
Stlth  +++++.....               A - ring of resist corrosion
                                M - +4 ring of dexterity

@: very resistant to hostile enchantments, quite stealthy
A: carnivore 3
a: Quick Charge, Device Surge, Supercharge, Renounce Religion


You were on level 6 of the Lair of Beasts.
You worshipped Pakellas.
Pakellas was exalted by your worship.
You were not hungry.

You visited 2 branches of the dungeon, and saw 16 of its levels.
You also visited: Labyrinth and Ice Cave.

You collected 1184 gold pieces.

Inventory:

Hand Weapons
 a - a +1 rapier
Missiles
 C - 18 tomahawks (quivered)
Armour
 c - a +1 cloak (worn)
 t - the +2 pair of gloves "Zopewa" (worn) {rN+ Int+4}
   (You found it on level 6 of the Lair of Beasts)

   It affects your intelligence (+4).
   It protects you from negative energy.
 x - a +4 ring mail of poison resistance (worn)
 J - a +0 buckler (worn)
 L - a +2 ring mail of cold resistance
 X - the +0 pair of boots of Fedhas's Regard (worn) {-Cast rPois MR+ rCorr}
   (You found it in a labyrinth)

   It protects you from poison.
   It affects your resistance to hostile enchantments.
   It prevents spellcasting.
   It protects you from acid and corrosion.
Rods
 b - a +5 rod of inaccuracy (14/14)
   (Pakellas gifted it to you on level 10 of the Dungeon)
 e - a +4 lightning rod (6/12) (in hand)
   (You found it in a labyrinth)
 r - a +1 rod of clouds (2/11)
   (You found it in a labyrinth)
 w - a +4 rod of clouds (13/13)
   (You found it in a labyrinth)
Jewellery
 d - an uncursed ring of poison resistance
 u - an uncursed ring of protection from fire
 A - a ring of resist corrosion (right hand)
 G - an amulet of regeneration (around neck)
 M - a +4 ring of dexterity (left hand)
Wands
 h - a wand of iceblast (1/15)
 m - a wand of confusion (15/48)
 o - a wand of iceblast (3/15)
 D - a wand of acid (9/15)
 S - a wand of flame (2/48)
 U - a wand of lightning (5/15)
Scrolls
 k - 4 scrolls of remove curse
 n - 5 scrolls of recharging
 v - 2 scrolls of magic mapping
 y - 4 scrolls of blinking
 z - 4 scrolls of fear
 E - 9 scrolls of teleportation
Potions
 f - 3 potions of flight
 j - 3 potions of curing
 l - a potion of beneficial mutation {unknown}
 p - 2 potions of cure mutation
 q - 3 potions of might
 s - a potion of brilliance
 F - 4 potions of haste
 I - 3 potions of magic
 K - 4 potions of resistance
 N - 2 potions of invisibility
 V - 2 potions of heal wounds
Miscellaneous
 B - a box of beasts {used: 7}
 T - a lamp of fire (inert)
Comestibles
 g - 6 meat rations
 Y - 5 beef jerkies
 Z - 11 royal jellies


   Skills:
 * Level 8.9 Fighting
 - Level 15.0 Short Blades
 - Level 2.1 Throwing
 - Level 4.4 Armour
 - Level 12.2 Dodging
 - Level 10.0 Stealth
 + Level 15.6 Evocations


You had 13 spell levels left.
You didn't know any spells.

Dungeon Overview and Level Annotations

Branches:
Dungeon (10/15)            Temple (0/1) D:5            Lair (6/8) D:10
 Shoals (0/4) Lair:5        Snake (0/4) Lair:6          Orc (0/2) D:10
  Slime: Lair:6-8

Altars:
Ashenzari
Cheibriados
Dithmenos
Elyvilon
Fedhas
Kikubaaqudgha
Nemelex Xobeh
Pakellas
Sif Muna
Trog
Xom
Yredelemnul
The Shining One


Innate Abilities, Weirdness & Mutations

You are small and have problems with some larger weapons.
You are carnivorous and can eat meat at any time.


Message History

The ice dragon breathes frost at you. The blast of cold hits you!
* * * LOW HITPOINT WARNING * * *
You take 31 damage, and have 11/84 hp.
MASSIVE DAMAGE!!
Your fire elemental hits the ice dragon.
Your fire elemental burns the ice dragon!
The ice dragon is burned terribly!
You swap places.
The ice dragon completely misses your fire elemental.
The ice dragon claws your fire elemental!
The ice dragon closely misses your fire elemental.
Your fire elemental barely misses the ice dragon.
Your fire elemental completely misses the ice dragon.
The ice dragon breathes frost at you.
The blast of cold hits your fire elemental.
Your fire elemental is frozen!
Your fire elemental is destroyed!
The blast of cold hits you!
You die...
Pakellas says: Time to find a new assistant...

.≈≈≈≈..≈≈≈≈≈≈..## *#....P........
.≈#*≈≈≈≈≈≈≈≈≈.#.# ##............
≈≈#****#≈≈≈≈....# #.P.........#.
≈≈#,,,,#≈≈≈≈....# #.P........P##
≈≈##!§§§#≈≈...#######......P...#.
≈≈≈###,,##..⌠..##D##.......#.....
.≈≈##,,,*#.....#.#.........#.....
#.≈≈#.#**#.......§...............
..≈##>5≈##≈≈≈.§§@P§.........P....
.≈≈≈##..#≈≈≈≈.§§........#.....#..
.≈≈.####≈≈≈≈≈≈§##......###....#.#
≈≈≈≈#.##≈≈#≈≈≈§.§.......###....##
≈≈≈≈≈≈≈≈≈#.#≈≈#.........##..#....
.≈≈..8≈≈≈≈≈≈≈.#§...#....####.....
.##..≈≈≈≈≈≈≈.#.....##..####.....P
#...≈≈≈.≈≈≈.......#####.#PP....P.
...≈≈≈.....#..#...# ##...........


You could see an ice dragon.

Vanquished Creatures
  A frost giant (IceCv)
  A minotaur (Lab)
  2 hydras
  Urug (Lair:3)
  The ghost of shmeve the Shield-Bearer, a novice MiBe of Trog (D:6)
  A hill giant (D:10)
  A griffon (Lair:4)
  3 oklob plants (Lair:4)
  18 elephants
  2 black mambas
  An ice statue (IceCv)
  7 spiny frogs
  3 komodo dragons
  A rime drake (Lair:5)
  A troll (D:9)
  12 polar bears (IceCv)
  2 two-headed ogres
  9 blink frogs (Lair:4)
  2 redbacks (Lab)
  2 wyverns
  3 basilisks
  The ghost of doroboNeko the Chopper, an amateur HOFi (D:3)
  26 yaks
  Eustachio (D:6)
  2 hippogriffs
  4 nagas (Lair:6)
  2 soldier ants (D:9)
  8 water moccasins
  9 porcupines
  A black bear (Lair:1)
  3 orc warriors
  2 wasps
  2 ice beasts
  2 sky beasts
  4 slaves
  A phantom (D:5)
  5 ogres
  10 wolves
  4 crocodiles
  A centaur (D:9)
  15 giant frogs
  A scorpion (D:5)
  Dowan (D:5)
  9 killer bees (D:7)
  2 water moccasin skeletons (D:7)
  9 wights
  4 crimson imps
  3 howler monkeys
  A centaur zombie (D:6)
  4 hounds
  10 orc priests
  Ijyb (D:2)
  6 iguanas
  4 orc wizards
  5 worker ants
  8 sheep (Lair:4)
  A hound skeleton (D:5)
  A mummy (D:6)
  3 gnolls (D:8)
  33 river rats
  12 adders
  4 shadow imps
  15 white imps
  An adder zombie (D:9)
  2 worms (D:2)
  2 dart slugs
  5 giant geckos
  44 orcs
  2 ball pythons
  13 bats
  7 giant cockroaches
  8 goblins
  11 hobgoblins
  15 jackals
  9 quokkas
  2 giant gecko skeletons
  6 giant newts
  A jackal skeleton (D:7)
  9 kobolds
  A quokka skeleton (D:8)
  12 rats
  A fungus (Lair:6)
  3 plants
468 creatures vanquished.

Vanquished Creatures (collateral kills)
  The ghost of shmeve the Fighter, a journeyman MiBe of Trog (D:10)
  Pikel (D:5)
  Joseph (D:7)
  A troll (D:10)
  4 polar bears (IceCv)
  Sigmund (D:6)
  3 yaks (IceCv)
  Edmund (D:6)
  A mottled dragon (D:10)
  Duvessa (D:5)
  2 wolves (IceCv)
  2 centaurs
  A big kobold (D:10)
  2 giant frogs (D:10)
  A scorpion (D:6)
  A giant frog skeleton (D:10)
  A worker ant (D:8)
  A giant gecko (D:10)
  An orc (D:8)
  7 kobolds (D:10)
34 creatures vanquished.

Vanquished Creatures (others)
  6 fungi
  4 plants
10 creatures vanquished.

Grand Total: 512 creatures vanquished

Notes
Turn   | Place    | Note
--------------------------------------------------------------
     0 | D:1      | Helmschank the Kobold Assassin began the quest for the Orb.
     0 | D:1      | Reached XP level 1. HP: 12/12 MP: 1/1
   189 | D:1      | Reached XP level 2. HP: 16/17 MP: 2/2
   351 | D:1      | Found a glowing golden altar of the Shining One.
   764 | D:1      | Reached XP level 3. HP: 21/21 MP: 3/3
  1316 | D:2      | Reached XP level 4. HP: 24/26 MP: 4/4
  1613 | D:2      | Noticed Ijyb
  1654 | D:2      | Killed Ijyb
  1658 | D:2      | Reached skill level 5 in Short Blades
  1658 | D:2      | Reached XP level 5. HP: 21/30 MP: 5/5
  1769 | D:2      | Found an ancient bone altar of Kikubaaqudgha.
  1833 | D:2      | Found an oddly glowing altar of Pakellas.
  2653 | D:3      | Noticed doroboNeko's ghost (amateur HOFi)
  2878 | D:3      | Reached XP level 6. HP: 35/35 MP: 6/6
  3168 | D:2      | Became a worshipper of Pakellas the Inventive
  3637 | D:3      | Found a deep blue altar of Sif Muna.
  3707 | D:3      | Found a bloodstained altar of Trog.
  4410 | D:3      | Reached * piety under Pakellas
  4410 | D:3      | Received a gift from Pakellas
  4602 | D:3      | Killed doroboNeko's ghost
  4602 | D:3      | Reached XP level 7. HP: 40/40 MP: 6/8
  5706 | D:4      | Found a shadowy altar of Dithmenos.
  5758 | D:4      | Reached ** piety under Pakellas
  5758 | D:4      | Received a gift from Pakellas
  6087 | D:4      | Reached XP level 8. HP: 35/44 MP: 10/10
  6183 | D:4      | Found a shimmering altar of Xom.
  6198 | D:4      | Found a basalt altar of Yredelemnul.
  6294 | D:4      | Found a white marble altar of Elyvilon.
  6361 | D:4      | Found a shattered altar of Ashenzari.
  6638 | D:5      | Entered Level 5 of the Dungeon
  6667 | D:5      | Found a staircase to the Ecumenical Temple.
  6708 | D:5      | Noticed Pikel
  7017 | D:5      | Noticed Duvessa
  7017 | D:5      | Noticed Dowan
  7556 | D:5      | Killed Dowan
  7566 | D:5      | Killed Duvessa
  8069 | D:5      | Reached skill level 5 in Dodging
  8177 | D:5      | Reached skill level 5 in Evocations
  8498 | D:5      | Killed Pikel
  8498 | D:5      | Reached XP level 9. HP: 48/48 MP: 11/13
  8669 | D:6      | Noticed Edmund
  8670 | D:6      | Noticed Sigmund
  9059 | D:6      | Killed Sigmund
  9064 | D:6      | Killed Edmund
  9098 | D:6      | Noticed shmeve's ghost (novice MiBe)
  9118 | D:6      | Killed shmeve's ghost
  9118 | D:6      | Reached skill level 10 in Short Blades
  9413 | D:6      | Found a snail-covered altar of Cheibriados.
  9925 | D:6      | Noticed Eustachio
  9941 | D:6      | Killed Eustachio
 10080 | D:6      | Reached *** piety under Pakellas
 10080 | D:6      | Received a gift from Pakellas
 10295 | D:7      | Found a blossoming altar of Fedhas.
 10440 | D:7      | Reached XP level 10. HP: 34/55 MP: 14/16
 10557 | D:7      | Reached skill level 1 in Armour
 10819 | D:7      | Noticed Joseph
 10907 | D:7      | Killed Joseph
 11814 | D:8      | Reached **** piety under Pakellas
 11814 | D:8      | Received a gift from Pakellas
 12530 | D:9      | Reached skill level 10 in Evocations
 12768 | D:9      | Reached XP level 11. HP: 59/59 MP: 18/18
 12813 | D:9      | Found a sparkling altar of Nemelex Xobeh.
 12819 | D:9      | Got a twisted long sword
 12941 | D:9      | Identified the +5 long sword of Vanity {distort, *Corrode +Inv MP+9 Int+4} (You found it on level 9 of the Dungeon)
 13184 | D:10     | Entered Level 10 of the Dungeon
 13184 | D:10     | Noticed shmeve's ghost (journeyman MiBe)
 13262 | D:10     | Noticed a hill giant
 13270 | D:10     | Killed a hill giant
 13474 | D:10     | Reached ***** piety under Pakellas
 13474 | D:10     | Received a gift from Pakellas
 13525 | D:10     | Found a shimmering altar of Xom.
 13557 | D:10     | Found a staircase to the Orcish Mines.
 13698 | D:10     | Killed shmeve's ghost
 13959 | D:10     | Found a staircase to the Lair.
 14117 | Lair:1   | Entered Level 1 of the Lair of Beasts
 14118 | Lair:1   | Identified a +5 rod of inaccuracy (14/14) (Pakellas gifted it to you on level 10 of the Dungeon)
 14753 | Lair:1   | Noticed a seven-headed hydra
 14764 | Lair:1   | Killed a seven-headed hydra
 15046 | Lair:1   | Got a brightly glowing hand axe
 15307 | Lair:2   | Reached XP level 12. HP: 64/64 MP: 16/21
 15386 | Lair:2   | Found a frozen archway.
 15464 | IceCv    | Entered an ice cave
 15553 | IceCv    | Reached skill level 15 in Short Blades
 16296 | IceCv    | Noticed a frost giant
 16301 | IceCv    | Killed a frost giant
 16301 | IceCv    | Reached ****** piety under Pakellas
 16324 | IceCv    | Reached skill level 5 in Fighting
 17696 | Lair:3   | Noticed Urug
 17737 | Lair:3   | Reached XP level 13. HP: 73/73 MP: 14/23
 17737 | Lair:3   | Killed Urug
 17943 | Lair:3   | Reached skill level 15 in Evocations
 18237 | Lair:3   | Noticed a fire dragon
 19078 | Lair:4   | Reached skill level 10 in Stealth
 19626 | Lair:4   | Noticed a four-headed hydra
 19646 | Lair:4   | Killed a four-headed hydra
 19732 | Lair:4   | Reached skill level 10 in Dodging
 20474 | Lair:5   | Found a staircase to the Shoals.
 20582 | Lair:5   | Reached XP level 14. HP: 66/82 MP: 22/25
 21636 | Lair:6   | Found a labyrinth entrance.
 21653 | Lab      | Entered a labyrinth
 22165 | Lab      | Got a pair of encrusted gloves
 22165 | Lab      | Got a pair of smoking boots
 22171 | Lair:6   | Identified a +1 rod of clouds (11/11) (You found it in a labyrinth)
 22172 | Lair:6   | Identified a +4 rod of clouds (13/13) (You found it in a labyrinth)
 22222 | Lair:6   | Identified the +0 pair of boots of Fedhas's Regard {-Cast rPois MR+ rCorr} (You found it in a labyrinth)
 22232 | Lair:6   | Identified the +0 pair of gloves of Defiance {Str+7 Int+4} (You found it in a labyrinth)
 22288 | Lair:6   | Found a staircase to the Snake Pit.
 22416 | Lair:6   | Got a pair of encrusted gloves
 22427 | Lair:6   | Identified the +2 pair of gloves "Zopewa" {rN+ Int+4} (You found it on level 6 of the Lair of Beasts)
 22868 | Lair:6   | Killed from afar by an ice dragon

Skill      XL: |  1  2  3  4  5  6  7  8  9 10 11 12 13 14 |
---------------+-------------------------------------------+-----
Short Blades   | 3 4 5 7 9 10 12 14 15 | 15.0
Dodging        | 2 3 4 5 6 8 11 12 | 12.2
Stealth        | 6 7 8 9 10 | 10.0
Evocations     | 2 3 5 8 10 12 14 15 | 15.6
Armour         | 2 3 4 |  4.4
Fighting       | 5 7 8 |  8.9
Throwing       | |  2.1

Action                   |  1- 3 |  4- 6 |  7- 9 | 10-12 | 13-15 || total
-------------------------+-------+-------+-------+-------+-------++-------
Melee: Dagger            |   103 |   360 |   473 |       |       ||   936
       Rapier            |       |       |    75 |   867 |   673 ||  1615
       Long sword        |       |       |       |     4 |       ||     4
 Fire: Blowgun           |       |    14 |    42 |    40 |    17 ||   113
       Hunting sling     |       |       |       |    72 |     3 ||    75
Throw: Stone             |    12 |     1 |     4 |       |       ||    17
       Tomahawk          |       |       |     8 |    11 |     2 ||    21
Invok: Quick Charge      |       |       |       |     4 |     2 ||     6
Evoke: Wand              |       |     1 |    21 |    78 |    27 ||   127
       Box of beasts     |       |       |     4 |     3 |       ||     7
       Lamp of fire      |       |       |       |     2 |     1 ||     3
       Rod               |       |       |       |    49 |    98 ||   147
  Use: Scroll            |       |       |    15 |    10 |     7 ||    32
       Potion            |       |       |       |     5 |       ||     5
 Stab: Sleeping          |    11 |    17 |     7 |    12 |    14 ||    61
       Distracted        |       |     1 |     1 |       |     1 ||     3
       Confused          |       |     2 |     9 |    10 |     1 ||    22
  Eat: Chunk             |    10 |    10 |    18 |    23 |    18 ||    79
Armor: Leather armour    |    26 |    33 |    40 |       |       ||    99
       Ring mail         |       |       |     8 |   142 |    82 ||   232
Dodge: Dodged            |    78 |   138 |   291 |   578 |   364 ||  1449
Block: Buckler           |       |       |       |    92 |   132 ||   224
